 Dungeon Crawl Stone Soup version 0.20-a0-1058-g0491fde (webtiles) character file.

15 Alarkh the Insei (level 2, 4/21 HPs)
             Began as a Demonspawn Transmuter on Apr 26, 2017.
             Got out of the dungeon alive.
             The game lasted 00:00:38 (600 turns).

Alarkh the Insei (Demonspawn Transmuter)             Turns: 600, Time: 00:00:39

Health: 4/21       AC:  2    Str: 10    XL:     2   Next: 34%
Magic:  4/5        EV: 12    Int: 14    God:
Gold:   26         SH:  3    Dex: 13    Spells: 4/5 levels left

rFire    . . .     SeeInvis .     - Unarmed
rCold    . . .     Gourm    .   f - +0 buckler (curse)
rNeg     . . .     Faith    .   b - +0 robe
rPois    .         Spirit   +   (no helmet)
rElec    .         Reflect  .   (no cloak)
rCorr    .         Harm     .   (no gloves)
MR       .....                  (no boots)
Stlth    +.........             (no amulet)
Regen    0.1/turn               (no ring)
MPRegen  0.1/turn               (no ring)

@: no status effects
A: magic shield
a: no special abilities


You escaped.
You were not hungry.

You visited 1 branch of the dungeon, and saw 1 of its levels.

You collected 26 gold pieces.

Inventory:

Missiles
 a - 12 arrows
Armour
 b - a +0 robe (worn)
 f - a cursed +0 buckler (worn)
Scrolls
 e - a scroll of immolation {unknown}
 g - a scroll of remove curse {unknown}
 h - a scroll of identify {unknown}
Books
 c - a book of Changes

   Spells                             Type                      Level
   a - Beastly Appendage              Transmutation                1
   b - Sticks to Snakes               Transmutation                2
   c - Spider Form                    Transmutation/Poison         3
   d - Ice Form                       Ice/Transmutation            4
   e - Blade Hands                    Transmutation                5
Comestibles
 d - a bread ration


   Skills:
 + Level 1.3 Fighting
 + Level 2.1 Dodging
 * Level 3.1 Unarmed Combat
 - Level 2.0 Spellcasting
 - Level 1.7 Transmutations


You had 4 spell levels left.
You knew the following spells:

 Your Spells              Type           Power        Failure   Level  Hunger
a - Beastly Appendage     Tmut           #.....       19%         1    ##.....


Dungeon Overview and Level Annotations

Branches:
Dungeon (1/15)

Altars:


Innate Abilities, Weirdness & Mutations

When hurt, damage is shared between your health and your magic reserves.


Message History

You kill the ooze!
Your Dodging skill increases to level 2!
You have reached level 2!
Your demonic ancestry asserts itself...
You feel your magical essence form a protective shroud around your flesh.
The dart slug launches a dart at you. The slug dart hits you!
* * * LOW HITPOINT WARNING * * *
You hit the dart slug. You claw the dart slug.
The dart slug is severely wounded.
The dart slug bites you but does no damage.
You hit the dart slug but do no damage.
The dart slug is severely wounded.
You hit the dart slug.
You kill the dart slug!
Your talons disappear.
There is an open door here.
There is a staircase leading out of the dungeon here.
Are you sure you want to leave the Dungeon?
This will make you lose the game!
You have escaped!

#........######.......# #.##
#.....................# #.#
#........######...#...###.##
#...>....# #..##.........
#...#...## #..###..###.##
##.###.## #.......# #.## #.##
##.#######..###.## #...
##.###.##.....#......# ####
##.#.###..@..#....### ###
##.#.##.....#.....## ##.#
#######....#.###.#......####...
...........#.#.#.#......'......
#.#####....#.###.#......####...
#.#.##.....#.....## ##..
#.####.....#....## ##.
#...##.....#...## #.
#...####'####'## #.


There were no monsters in sight!

Vanquished Creatures
  An ooze (D:1)
  A dart slug (D:1)
  2 bats (D:1)
  A giant cockroach (D:1)
  A goblin (D:1)
  2 kobolds (D:1)
  A rat (D:1)
9 creatures vanquished.

Notes
Turn   | Place    | Note
-------+----------+-------------------------------------------
     0 | D:1      | Alarkh the Demonspawn Transmuter began the quest for the Orb.
     0 | D:1      | Reached XP level 1. HP: 15/15 MP: 3/3
   475 | D:1      | Reached skill level 3 in Unarmed Combat
   555 | D:1      | Gained mutation: When hurt, damage is shared between your health and your magic reserves. [demonic ancestry]
   555 | D:1      | Reached XP level 2. HP: 5/21 MP: 3/5
   556 | D:1      | HP: 1/21 [dart slug/slug dart (4)]
   600 | D:$      | Got out of the dungeon alive.

Vault maps used:
D:1:      nicolae_arrival_memento_mori

Skill      XL: |  1 |
---------------+----+-----
Unarmed Combat | 3 |  3.1
Dodging        | 2 |  2.1
Fighting       | |  1.3
Spellcasting   | |  2.0
Transmutations | |  1.7

Action                   || total
-------------------------++-------
Melee: Unarmed           ||    50
       Kick              ||     3
 Cast: Beastly Appendage ||     1
  Use: Potion            ||     1
Armor: Robe              ||    20
Dodge: Dodged            ||    29
Block: Buckler           ||     4
